 Dungeon Crawl Stone Soup version 0.29-a0-700-g2f1814c7b2 (webtiles) character file.

Game seed: 10784761034313938040

25 lunkers the Insei (level 3, -3/28 HPs)
             Began as a Meteoran Transmuter on June 25, 2022.
             Slain by a gnoll
             ... wielding a +0 flail
              (7 damage)
             ... on level 2 of the Dungeon.
             The game lasted 00:01:04 (241 turns).

lunkers the Insei (Meteoran Transmuter)              Turns: 241, Time: 00:01:04

Health: -3/28      AC:  2    Str: 11    XL:     3   Next: 38%
Magic:  8/8        EV:  6    Int: 15    God:
Gold:   24         SH:  0    Dex: 16    Spells: 1/7 levels left

rFire   . . .      SeeInvis .     - Unarmed
rCold   . . .      Faith    .   (no shield)
rNeg    . . .      Spirit   .   a - +0 robe
rPois   .          Reflect  .   (helmet currently unavailable)
rElec   .          Harm     .   (no cloak)
rCorr   .          Rampage  .   (no gloves)
Will    .....                   (boots currently unavailable)
Stlth   +.........              (no amulet)
HPRegen 0.09/turn               (no ring)
MPRegen 0.11/turn               (no ring)

@: appendages, wereblooded (expiring), held, glowing
A: horns 2, talons 2, sense surroundings 1, otherworldly, glowing, explore regen
a: End Transformation


You were on level 2 of the Dungeon.
You had temporarily grown beastly horns and talons.
You visited 1 branch of the dungeon, and saw 2 of its levels.

You collected 24 gold pieces.

Inventory:

Armour
 a - a +0 robe (worn)
Scrolls
 e - 2 scrolls of identify {unknown}
Potions
 b - a potion of lignification
 c - a potion of invisibility {unknown}
 d - a potion of flight {unknown}
 f - a potion of heal wounds {unknown}


   Skills:
 - Level 1.1 Fighting
 - Level 2.4 Dodging
 * Level 4.6 Unarmed Combat
 - Level 2.6 Spellcasting
 + Level 3.1 Transmutations


You had one spell level left.
You knew the following spells:

 Your Spells              Type           Power      Damage    Failure   Level
b - Wereblood             Tmut           11%        N/A       9%          2
c - Spider Form           Tmut/Pois      6%         N/A       32%         3
p - Beastly Appendage     Tmut           22%        N/A       6%          1

Your spell library contained the following spells:

 Spells                   Type           Power      Damage    Failure   Level
 Ice Form                 Ice/Tmut       6%         N/A       73%         4
 Borgnjor's Revivificati  Necr           1%         N/A       100%        8
 Necromutation            Tmut/Necr      3%         N/A       100%        8
 Death's Door             Necr           1%         N/A       100%        9


Dungeon Overview and Level Annotations

Branches:
Dungeon (2/15) Zot: 960

Altars:


Innate Abilities, Weirdness & Mutations

You have temporarily grown beastly horns and talons.
You passively map a small area around you.
You are easily found by Zot.
You glow in the dark.
You regain HP and MP as you explore.


Message History

The gnoll shouts!
The bat hits you but does no damage.
A quokka comes into view.
A gnoll comes into view. It is wielding a +0 trident.
The bat misses you. The bat closely misses you. The bat hits you.
The bat closely misses you.
Casting: Wereblood (safe; 9% risk of failure)
Confirm with . or Enter, or press ? or * to list all spells.
You grow a pair of large bovine horns.
Your feet morph into talons.
The bat hits you.
The bat closely misses you. x2; The bat hits you.
You hit the bat.
You feel a bit better.
You kill the bat!
The bat misses you.
You miss the bat. You claw the bat.
You kill the bat!
The gnoll throws a throwing net.
The throwing net hits you.
You become entangled in the net!
The hobgoblin hits you.
You are held in a net!
You are held in a net!
You are held in a net!
You struggle against the net.
You howl as the wereblood boils in your veins!
Your primal bloodlust is almost over.
The hobgoblin hits you.
The gnoll hits you from afar with a +0 spear!
You struggle against the net.
The gnoll hits you from afar with a +0 spear!
* * * LOW HITPOINT WARNING * * *
The hobgoblin hits you.
* * * LOW HITPOINT WARNING * * *
You rip the net and break free!
The gnoll barely misses you.
The gnoll hits you from afar with a +0 spear.
* * * LOW HITPOINT WARNING * * *
The hobgoblin hits you.
* * * LOW HITPOINT WARNING * * *
The gnoll throws a throwing net.
The throwing net hits you.
You become entangled in the net!
You see here a throwing net.
You struggle against the net.
The gnoll hits you with a +0 flail!
You die...

..............
........... .#
* ..........
#># .........
..#
r.....rr###.#
, #gg...#
###.g#..####
#....g.....#
#....@.....#
##..........#
#......)....#
,
#.####)##.###
#.. #†# .#
#.#* #.# # * .
* #.# * * ,
#.# #.# ,*


You could see 3 gnolls, a quokka, a hobgoblin and a rat.

Vanquished Creatures
  3 bats
  3 endoplasms
  3 giant cockroaches
  2 goblins
  2 hobgoblins
  2 jackals (D:2)
  2 kobolds
  2 ball pythons
  A frilled lizard (D:2)
  A rat (D:1)
21 creatures vanquished.

Notes
Turn   | Place    | Note
-------+----------+-------------------------------------------
     0 | D:1      | lunkers the Meteoran Transmuter began the quest for the
                  | Orb.
     0 | D:1      | Reached XP level 1. HP: 16/16 MP: 5/5
    48 | D:1      | Reached XP level 2. HP: 22/23 MP: 6/6
    49 | D:1      | Reached skill level 4 in Unarmed Combat
    52 | D:1      | Learned a level 2 spell: Wereblood
   151 | D:2      | Reached XP level 3. HP: 25/28 MP: 2/8
   164 | D:2      | Learned a level 3 spell: Spider Form
   241 | D:2      | Slain by a gnoll

Illustrated notes

Levels and vault maps discovered:
D:1:      lightli_arrival_statuegarden, layout_basic, basic_ecumenical_altar
D:2:      layout_rooms, corexii_item_surrounded_by_moat

Skill      XL: |  1  2  3 |
---------------+----------+-----
Unarmed Combat | 4 |  4.6
Transmutations | 3 |  3.1
Fighting       | |  1.1
Dodging        | |  2.4
Spellcasting   | |  2.6

Action                   || total
-------------------------++-------
Melee: Unarmed           ||    33
       Headbutt          ||     6
       Kick              ||     8
 Cast: Beastly Appendage ||    10
       Wereblood         ||     6
Armor: Robe              ||     6
Dodge: Dodged            ||    21

Table legend: (Time is in decaauts)
 A = Elapsed time spent in this place.
 B = Non-inter-level travel time spent in this place.
 C = Inter-level travel time spent in this place.
 D = Time resting spent in this place.
 E = Time spent auto-exploring this place.
 F = Levels seen in this place.
 G = Mean time per level.
                   A        B        C        D        E       F      G
               +--------+--------+--------+--------+--------+-----+--------+
         Total |    238 |    238 |      0 |      0 |    114 |   2 |  119.0 |
       Dungeon |    238 |    238 |      0 |      0 |    114 |   2 |  119.0 |
               +--------+--------+--------+--------+--------+-----+--------+

Top non-repeatable levels by time:
     D:1: 137 daAuts
     D:2: 101 daAuts
